 Dungeon Crawl Stone Soup version 0.31-a0-187-gba352fbbf7 (webtiles) character file.

Game seed: 9273680101434134308

36 qw the Shooter (level 3, 0/20 HPs)
             Began as a Deep Elf Hunter on June 22, 2023.
             Slain by a frilled lizard (2 damage)
             ... on level 2 of the Dungeon.
             The game lasted 00:00:20 (1004 turns).

qw the Shooter (Deep Elf Hunter)                    Turns: 1004, Time: 00:00:21

Health: 0/20       AC:  5    Str: 10    XL:     3   Next: 19%
Magic:  5/5        EV: 11    Int: 13    God:
Gold:   67         SH:  0    Dex: 18    Spells: 2/2 levels left

rFire   . . .        Y - +2 shortbow
rCold   . . .        (shield currently unavailable)
rNeg    . . .        e - +0 ring mail
rPois   .            (no helmet)
rElec   .            (no cloak)
rCorr   .            (no gloves)
SInv    .            (no boots)
Will    .....        i - amulet of faith
Stlth   +            (no ring)
HPRegen 0.23/turn    (no ring)
MPRegen 0.09/turn

%: faith
@: no status effects
A: no striking features
a: no special abilities


You were on level 2 of the Dungeon.
You visited 1 branch of the dungeon, and saw 2 of its levels.

You collected 67 gold pieces.


   Skills:
 - Level 1.5 Fighting
 + Level 6.8 Ranged Weapons
 - Level 2.4 Dodging
 - Level 1.2 Stealth


You had 2 spell levels left.
You didn't know any spells.
Your spell library was empty.

Inventory:

Hand Weapons
 Y - a +2 shortbow (weapon)
Armour
 b - a +0 pair of boots
 e - a +0 ring mail (worn)
Jewellery
 i - an amulet of faith (around neck)
Scrolls
 c - 2 scrolls of identify {unknown}
 g - a scroll of amnesia {unknown}
 h - a scroll of fog {unknown}
Potions
 a - a potion of mutation {unknown}
 d - a potion of curing
 f - a potion of brilliance {unknown}

Dungeon Overview and Level Annotations

Branches:
Dungeon (2/15)

Altars:


Message History

You hear a shout!
You shoot an arrow. The arrow hits the orc.
The orc is severely wounded.
You shoot an arrow. The arrow barely misses the orc.
You shoot an arrow. The arrow hits the orc.
You kill the orc!
An orc priest comes into view. It is wielding a +0 club.
You shoot an arrow. The arrow misses the frilled lizard.
The frilled lizard bites you but does no damage.
You shoot an arrow. The arrow barely misses the orc.
The orc hits you with a +0 flail.
The frilled lizard bites you but does no damage.
A frilled lizard comes into view.
The frilled lizard hisses.
The frilled lizard closely misses you. The orc hits you with a +0 flail!
You shoot an arrow. The arrow closely misses the orc.
The frilled lizard hisses angrily.
The orc hits you with a +0 flail. The frilled lizard barely misses you.
You shoot an arrow. The arrow closely misses the orc.
The orc misses you.
The frilled lizard bites you but does no damage.
You shoot an arrow. The arrow barely misses the orc.
The orc barely misses you. The frilled lizard closely misses you.
You shoot an arrow. The arrow barely misses the orc priest.
The arrow misses the frilled lizard.
The orc hits you but does no damage. The frilled lizard closely misses you.
The orc priest casts a cantrip, but nothing happens.
You shoot an arrow. The arrow hits the orc priest!
The orc priest is heavily wounded.
The orc misses you.
The frilled lizard bites you but does no damage.
The orc priest hits you but does no damage.
The frilled lizard bites you.
The orc priest invokes the aid of Beogh against you.
You barely resist. The orc barely misses you.
You shoot an arrow.
The arrow hits the orc priest but does no damage.
The orc priest is heavily wounded.
The orc barely misses you. The frilled lizard bites you.
You die...

......##########..#.#.########
.<....# #..#.#.........
..##### #####..#.##########
..# ###......#.. ..#
.........### ..# .........#
### .........########
.................
.....ll@#########
......oo.......
.....>.######## .......
....... ......) ...=...
.......


You could see an orc priest, an orc and 2 frilled lizards.

Vanquished Creatures
  A worm (D:2)
  3 orcs (D:2)
  4 bats (D:1)
  2 endoplasms (D:2)
  A giant cockroach (D:1)
  3 goblins (D:1)
  4 hobgoblins (D:1)
  2 quokkas (D:1)
  3 ball pythons
  2 kobolds
  2 rats (D:1)
27 creatures vanquished.

Notes
Turn   | Place    | Note
-------+----------+-------------------------------------------
     0 | D:1      | qw the Deep Elf Hunter began the quest for the Orb.
     0 | D:1      | Reached XP level 1. HP: 12/12 MP: 3/3
     0 | D:1      | 0 ||| qw: Version: 0.3-a-9-g12657ce
     0 | D:1      | 0 ||| qw: Game counter: 2289
     0 | D:1      | 0 ||| qw: Always use a shield: true
     0 | D:1      | 0 ||| qw: God list: Okawaru
     0 | D:1      | 0 ||| qw: Allow faded altars: false
     0 | D:1      | 0 ||| qw: Do Orc after D:15 true
     0 | D:1      | 0 ||| qw: Do second Lair branch before Depths: true
     0 | D:1      | 0 ||| qw: Lair rune preference: random
     0 | D:1      | 0 ||| qw: Plans: Normal
     0 | D:1      | 0 ||| PLANNING D:1-11
    89 | D:1      | Reached XP level 2. HP: 9/16 MP: 4/4
   131 | D:1      | Reached skill level 6 in Ranged Weapons
   500 | D:1      | 500 ||| UPGRADING to +0 ring mail.
   510 | D:1      | 510 ||| DROPPING +0 leather armour.
   511 | D:1      | 511 ||| UPGRADING to amulet of faith.
   516 | D:1      | 516 ||| READING scroll labelled HUNOXZAGIEP.
   517 | D:1      | 517 ||| READING 2 scrolls labelled JEHUWK ALLETHREOCE.
   518 | D:1      | 518 ||| READING scroll of enchant weapon.
   518 | D:1      | 518 ||| ENCHANTING +1 shortbow.
   519 | D:1      | 519 ||| DRINKING 2 silvery potions.
   520 | D:1      | 520 ||| DROPPING scroll of butterflies.
   983 | D:2      | Reached XP level 3. HP: 20/20 MP: 5/5
   999 | D:2      | HP: 3/20 [orc/+0 flail (6)]
  1004 | D:2      | Slain by a frilled lizard

Levels and vault maps discovered:
D:1:      psy_arrival_statuary, layout_basic
D:2:      layout_basic, amcnicky_mini_rare_corridor_liquid

Skill      XL: |  1  2 |
---------------+-------+-----
Ranged Weapons | 6 |  6.8
Fighting       | |  1.5
Dodging        | |  2.4
Stealth        | |  1.2

Action                     || total
---------------------------++-------
   Fire: Shortbow          ||    75
    Use: Scroll            ||     3
         Potion            ||     1
 Armour: Leather armour    ||     3
         Ring mail         ||     7
  Dodge: Dodged            ||    20

Table legend:
 A = Non-vault XP
 B = Vault XP
 C = Vault XP percentage of total XP
 D = Non-vault monster count
 E = Vault monster count
 F = Vault count percentage of total count
                 A         B        C        D         E       F
            +---------+---------+-------+---------+---------+-------
      Total |      52 |       0 |   0.0 |      27 |       0 |   0.0
            +---------+---------+-------+---------+---------+-------
        D:1 |      30 |       0 |   0.0 |      18 |       0 |   0.0
        D:2 |      22 |       0 |   0.0 |       9 |       0 |   0.0
            +---------+---------+-------+---------+---------+-------
